 Dungeon Crawl Stone Soup version 0.32-a0-918-g0f22ef8d61 (webtiles) character file.

Game seed: 386590666750781231

11 innerfire43 the Magician (level 2, 0/24 HPs)
             Began as a Demonspawn Wanderer on Apr 10, 2024.
             Slain by a hobgoblin (3 damage)
             ... on level 1 of the Dungeon.
             The game lasted 00:01:13 (574 turns).

innerfire43 the Magician (Demonspawn Wanderer)       Turns: 574, Time: 00:01:14

Health: 0/24       AC:  3    Str: 13    XL:     2   Next: 17%
Magic:  7/7        EV: 10    Int: 12    God:
Gold:   36         SH:  0    Dex: 17    Spells: 9/9 levels left

rFire   . . .        a - +0 club
rCold   . . .        (no shield)
rNeg    . . .        d - +0 leather armour
rPois   .            (no helmet)
rElec   .            (no cloak)
rCorr   .            (no gloves)
SInv    .            (no boots)
Will    .....        (no amulet)
Stlth   ++           f - +6 ring of dexterity
HPRegen 0.24/turn    (no ring)
MPRegen 0.10/turn

%: no passive effects
@: no status effects
A: weakness stinger 1
a: no special abilities


You were on level 1 of the Dungeon.
You visited 1 branch of the dungeon, and saw 1 of its levels.

You collected 36 gold pieces.

Inventory:

Hand Weapons
 a - a +0 club (weapon)
Armour
 d - a +0 leather armour (worn)
Jewellery
 f - a +6 ring of dexterity (left hand)
 i - a ring of protection from cold
Scrolls
 g - a scroll of identify {unknown}
 h - a scroll of noise {unknown}
 j - a scroll of teleportation {unknown}
 m - a scroll of enchant armour {unknown}
Potions
 b - a potion of attraction
 c - a potion of invisibility
 e - 3 potions of curing
 k - a potion of resistance {unknown}
 l - a potion of haste {unknown}


   Skills:
 + Level 3.1 Fighting
 + Level 0.6 Maces & Flails
 - Level 1.0 Throwing
 * Level 1.1 Armour
 - Level 1.0 Stealth
 - Level 4.0 Spellcasting


You had 9 spell levels left.
You didn't know any spells.
Your spell library contained the following spells:

 Spells                   Type           Power      Damage    Failure   Level
 Apportation              Tloc           4%         N/A       28%         1
 Sting                    Conj/Alch      8%         1d3       28%         1
 Ensorcelled Hibernation  Hex/Ice        4%         N/A       38%         2
 Stone Arrow              Conj/Erth      4%         3d7       63%         3


Dungeon Overview and Level Annotations

Branches:
Dungeon (1/15)

Altars:


Innate Abilities, Weirdness & Mutations

You have a small tail.


Message History

The hobgoblin is moderately wounded.
The kobold hits you but does no damage. The hobgoblin hits you.
The hobgoblin closely misses you. x2; The hobgoblin hits you.
The kobold hits you but does no damage.
You hit the hobgoblin.
Your tail-slap misses the hobgoblin.
The hobgoblin is heavily wounded.
The hobgoblin hits you. The kobold hits you with a +0 dagger.
The hobgoblin barely misses you.
You are too injured to fight recklessly!
You are too injured to fight recklessly!
You are too injured to fight recklessly!
You are too injured to fight recklessly!
You are too injured to fight recklessly!
You hit the hobgoblin.
The hobgoblin is almost dead.
The kobold completely misses you. The hobgoblin barely misses you.
The hobgoblin hits you.
You barely miss the hobgoblin.
The hobgoblin is almost dead.
The kobold barely misses you. The hobgoblin misses you. The hobgoblin hits you.
You completely miss the hobgoblin.
The hobgoblin is almost dead.
The kobold hits you but does no damage. The hobgoblin closely misses you.
The hobgoblin barely misses you. The hobgoblin closely misses you.
The hobgoblin hits you but does no damage.
The kobold barely misses you.
You closely miss the hobgoblin.
The hobgoblin is severely wounded.
The hobgoblin barely misses you. The kobold barely misses you.
The hobgoblin barely misses you.
You closely miss the hobgoblin.
Your tail-slap misses the hobgoblin.
The hobgoblin is severely wounded.
The kobold hits you but does no damage. The hobgoblin hits you.
* * * LOW HITPOINT WARNING * * *
The hobgoblin hits you.
* * * LOW HITPOINT WARNING * * *
You hit the hobgoblin but do no damage.
Your tail-slap misses the hobgoblin.
The hobgoblin is severely wounded.
The kobold barely misses you. The hobgoblin hits you.
You die...

#...... #.....#
#.....# #.....#
#.....# #.....#
#..gK?# #.?.@.#
#..g..#####
##.....#...########
#...................
#......>............
#....##.#...########
#.... #.#...# #....
#.#...# #....
#.....#


You could see 2 hobgoblins and a kobold.

Vanquished Creatures
  2 dart slugs (D:1)
  An endoplasm (D:1)
  A giant cockroach (D:1)
  A goblin (D:1)
  A kobold (D:1)
  A bat (D:1)
7 creatures vanquished.

Notes
Turn   | Place    | Note
-------+----------+-------------------------------------------
     0 | D:1      | innerfire43 the Demonspawn Wanderer began the quest for the
                  | Orb.
     0 | D:1      | innerfire43 set off with the following items: a +0 club, a
                  | potion of attraction, a potion of invisibility, a +0
                  | leather armour, a potion of curing; and the following
                  | spells available to memorise: Apportation, Sting,
                  | Ensorcelled Hibernation, Stone Arrow.
     0 | D:1      | Reached XP level 1. HP: 18/18 MP: 5/5
   428 | D:1      | Reached skill level 1 in Armour
   428 | D:1      | Gained mutation: You have a small tail. [demonic ancestry]
   428 | D:1      | Reached XP level 2. HP: 14/24 MP: 7/7
   574 | D:1      | Slain by a hobgoblin

Illustrated notes

Levels and vault maps discovered:
D:1:      kennysheep_arrival_seaside, layout_basic

Skill      XL: |  1 |
---------------+----+-----
Armour         | 1 |  1.1
Fighting       | |  3.1
Maces & Flails | |  0.6
Throwing       | |  1.0
Stealth        | |  1.0
Spellcasting   | |  4.0

Action                     || total
---------------------------++-------
  Melee: Club              ||    61
         Tailslap          ||     1
   Stab: Sleeping          ||     1
 Armour: Leather armour    ||    64
  Dodge: Dodged            ||    41

Table legend: (Time is in decaauts)
 A = Elapsed time spent in this place.
 B = Non-inter-level travel time spent in this place.
 C = Inter-level travel time spent in this place.
 D = Time resting spent in this place.
 E = Time spent auto-exploring this place.
 F = Levels seen in this place.
 G = Mean time per level.
                   A        B        C        D        E       F      G
               +--------+--------+--------+--------+--------+-----+--------+
         Total |    590 |    590 |      0 |      0 |    468 |   1 |  590.0 |
       Dungeon |    590 |    590 |      0 |      0 |    468 |   1 |  590.0 |
               +--------+--------+--------+--------+--------+-----+--------+

Top non-repeatable levels by time:
     D:1: 590 daAuts
